 Dungeon Crawl Stone Soup version 0.31-a0-246-g8cbcc1cb85 (webtiles) character file.

Game seed: 6813062316489058177

184 qw the Shooter (level 5, -3/42 HPs)
             Began as a Minotaur Hexslinger on July 12, 2023.
             Splashed by a jelly's acid (4 damage)
             ... on level 3 of the Dungeon.
             The game lasted 00:00:44 (2322 turns).

qw the Shooter (Minotaur Hexslinger)                Turns: 2322, Time: 00:00:45

Health: -3/42      AC:  0    Str: 12    XL:     5   Next: 36%
Magic:  0/5        EV: 12    Int: 13    God:
Gold:   102        SH:  0    Dex: 15    Spells: 5/6 levels left

rFire   . . .        Y - +2 sling
rCold   . . .        (no shield)
rNeg    . . .        f - +0 leather armour
rPois   .            (helmet restricted)
rElec   .            (no cloak)
rCorr   +            (no gloves)
SInv    +            k - +0 pair of boots
Will    .....        c - amulet "Igoruaj" {Spirit rCorr Int+3 SInv}
Stlth   +            (no ring)
HPRegen 0.27/turn    (no ring)
MPRegen 0.09/turn

%: guardian spirit
@: about to teleport, weakened, corroded
A: horns 2, retaliatory headbutt
a: no special abilities


You were on level 3 of the Dungeon.
You visited 1 branch of the dungeon, and saw 4 of its levels.

You collected 102 gold pieces.


Innate Abilities, Weirdness & Mutations

You have a pair of horns on your head.
You reflexively headbutt those who attack you in melee.


   Skills:
 + Level 2.4 Fighting
 - Level 5.9 Ranged Weapons
 - Level 2.1 Dodging
 - Level 1.0 Spellcasting
 - Level 2.0 Hexes


You had 5 spell levels left.
You knew the following spells:

 Your Spells              Type           Power      Damage    Failure   Level
a - Slow                  Hex            20%        N/A       16%         1

Your spell library contained the following spells:

 Spells                   Type           Power      Damage    Failure   Level
 Inner Flame              Hex/Fire       3%         N/A       56%         3
 Portal Projectile        Hex/Tloc       6%         N/A       56%         3
 Cause Fear               Hex            2%         N/A       83%         4

Inventory:

Hand Weapons
 Y - a +2 sling (weapon)
Armour
 f - a +0 leather armour (worn)
 k - a +0 pair of boots (worn)
Jewellery
 c - the amulet "Igoruaj" (around neck) {Spirit rCorr Int+3 SInv}
   (You acquired it on level 3 of the Dungeon)

   [amulet of guardian spirit]

   It causes incoming damage to be divided between your reserves of health and
   magic.
   Int:       It affects your intelligence (+3).
   SInv:      It lets you see invisible.
   rCorr:     It protects you from acid and corrosion.
 j - an amulet of reflection
Scrolls
 a - a scroll of teleportation
Potions
 d - a potion of curing
 e - a potion of might
 i - a potion of haste {unknown}

Dungeon Overview and Level Annotations

Branches:
Dungeon (4/15)
 Temple: D:4-7

Altars:

Shops:
D:2 [


Message History

The sling bullet hits the gnoll bouda.
The gnoll bouda is heavily wounded.
An iguana comes into view.
The gnoll bouda barely misses you.
You shoot a sling bullet.
The sling bullet barely misses the gnoll bouda.
The iguana hisses angrily.
The ball python hisses angrily.
The gnoll bouda hits you with a +0 whip.
The jelly hits you.
You are splashed with acid.
You resist.
The gnoll bouda hits you with a +0 whip!
The black bear barely misses you.
The black bear claws you but does no damage.
The black bear claws you. The jelly closely misses you.
You furiously retaliate!
You headbutt the jelly.
An orc comes into view. It is wielding a +0 war axe.
2318 ||| STAIRDANCE The gnoll bouda barely misses you.
The black bear bites you. The black bear claws you.
The black bear barely misses you. The jelly hits you but does no damage.
You climb upwards.
There is a stone staircase leading down here.
You shoot a sling bullet. The sling bullet hits the gnoll bouda.
The gnoll bouda is severely wounded.
The gnoll bouda closely misses you. You furiously retaliate!
You headbutt the gnoll bouda. The jelly hits you.
You are splashed with acid.
You resist. The black bear closely misses you. x2
The black bear barely misses you.
2321 ||| READING 2 scrolls of teleportation.
As you read the scroll of teleportation, it crumbles to dust.
You feel strangely unstable.
The gnoll bouda gazes fiercely through you!
You feel your attacks grow feeble.
The gnoll bouda hits you with a +0 whip.
The jelly hits you but does no damage. The black bear bites you.
The black bear claws you but does no damage. x2
You shoot a sling bullet. The sling bullet hits the gnoll bouda.
The gnoll bouda is almost dead.
The gnoll bouda barely misses you. The jelly hits you. The acid corrodes you!
You are splashed with acid.
You resist.
You die...

#..# #.# ##(.. #.## #.# ##.# #.#
#.# #.# #.# #.# #.# #.# #.###
#.# #.# #...# #.# #.# #######.#
#.# #.###g.h# #.# #.# #.....@.#
#.# #.# #####..J###.# #.#
##.##...# #.. ##### #.##.### ###
##...## #.##.# ##.....## #.##.#
#.......#######.##.##
#............)......#
#.......#######.##..############


You could see a black bear, a gnoll bouda and a jelly.

Vanquished Creatures
  An ogre (D:3)
  A gnoll (D:1)
  3 adders (D:3)
  A worm (D:3)
  6 orcs
  3 endoplasms
  4 giant cockroaches
  2 hobgoblins (D:1)
  3 jackals (D:3)
  7 kobolds
  4 quokkas
  4 ball pythons
  4 bats
  3 frilled lizards
  4 goblins
  5 rats
55 creatures vanquished.

Notes
Turn   | Place    | Note
-------+----------+-------------------------------------------
     0 | D:1      | qw the Minotaur Hexslinger began the quest for the Orb.
     0 | D:1      | Reached XP level 1. HP: 16/16 MP: 1/1
     0 | D:1      | 0 ||| qw: Version: 0.3-a-52-g30416fa
     0 | D:1      | 0 ||| qw: Game counter: 6461
     0 | D:1      | 0 ||| qw: Melee chars always use a shield: true
     0 | D:1      | 0 ||| qw: God list: Okawaru
     0 | D:1      | 0 ||| qw: Allow faded altars: false
     0 | D:1      | 0 ||| qw: Do Orc after clearing Dungeon:15 true
     0 | D:1      | 0 ||| qw: Do second Lair branch before Depths: true
     0 | D:1      | 0 ||| qw: Lair rune preference: random
     0 | D:1      | 0 ||| qw: Goals: Normal
     0 | D:1      | 0 ||| PLANNING D:1-11
   265 | D:1      | Reached skill level 3 in Ranged Weapons
   274 | D:1      | Reached XP level 2. HP: 23/23 MP: 2/2
   818 | D:1      | 818 ||| UPGRADING to +0 leather armour.
   828 | D:1      | 828 ||| DROPPING +0 robe.
   829 | D:1      | 829 ||| UPGRADING to amulet of reflection.
   834 | D:1      | 834 ||| READING 2 scrolls labelled UPPOSCH BOREELO.
   838 | D:1      | 838 ||| READING scroll labelled NARIAR ITOF.
   839 | D:1      | 839 ||| DRINKING 2 golden potions.
   840 | D:1      | 840 ||| DROPPING scroll of poison.
   889 | D:2      | Found Quotidop's Antique Armour Emporium.
   894 | D:2      | 894 ||| SHOPLISTING glowing scarf (136 gold, have 55).
   894 | D:2      | 894 ||| SHOPLISTING ring mail (68 gold, have 55).
   951 | D:2      | Reached XP level 3. HP: 29/29 MP: 3/3
  1310 | D:2      | 1310 ||| UPGRADING to +0 pair of boots.
  1315 | D:2      | 1315 ||| READING scroll labelled DAOKUSHR DULU.
  1316 | D:2      | 1316 ||| READING scroll labelled VARUIG GICEIR.
  1317 | D:2      | 1317 ||| READING scroll labelled IDOSMEM ROZOM.
  1318 | D:2      | 1318 ||| READING scroll labelled BUNEBO BEEBIE.
  1319 | D:2      | 1319 ||| DRINKING 2 brown potions.
  1346 | D:3      | Reached skill level 4 in Ranged Weapons
  1347 | D:3      | 1347 ||| STAIRDANCE
  1571 | D:3      | Reached XP level 4. HP: 19/36 MP: 4/4
  1814 | D:3      | Noticed an ogre
  1820 | D:3      | Killed an ogre
  1821 | D:3      | Reached skill level 5 in Ranged Weapons
  1821 | D:3      | Reached XP level 5. HP: 16/41 MP: 5/5
  2245 | D:3      | 2245 ||| READING scroll labelled IDWYTH VAMME.
  2245 | D:3      | Identified a scroll of acquirement
  2245 | D:3      | 2245 ||| ACQUIRING amulet "Igoruaj" {Spirit rCorr Int+3
                  | SInv}
  2245 | D:3      | Acquired the amulet "Igoruaj" {Spirit rCorr Int+3 SInv}
  2247 | D:3      | 2247 ||| UPGRADING to amulet "Igoruaj" {Spirit rCorr Int+3
                  | SInv}.
  2257 | D:3      | 2257 ||| DRINKING 2 bubbling blue potions.
  2285 | D:3      | 2285 ||| DROPPING potion of lignification.
  2311 | D:4      | Noticed a black bear
  2318 | D:4      | 2318 ||| STAIRDANCE
  2320 | D:3      | HP: 10/42 [acid (4)]
  2321 | D:3      | 2321 ||| READING 2 scrolls of teleportation.
  2321 | D:3      | HP: 1/42 [black bear (6)]
  2322 | D:3      | Splashed by a jelly's acid

Levels and vault maps discovered:
D:1:      dpeg_arrival_snail, layout_basic
D:2:      cheibrodos_old_hovel, layout_rooms, serial_shops, shop
D:3:      layout_loops_ring
D:4:      layout_cave_pools, amcnicky_altar_gilded, minmay_bent

Skill      XL: |  1  2  3  4 |
---------------+-------------+-----
Ranged Weapons | 3 4 5 |  5.9
Fighting       | 2 |  2.4
Dodging        | |  2.1
Spellcasting   | |  1.0
Hexes          | |  2.0

Action                     |  1- 3 |  4- 6 || total
---------------------------+-------+-------++-------
   Fire: Sling             |   103 |    48 ||   151
    Use: Scroll            |     6 |     2 ||     8
         Potion            |     2 |     1 ||     3
 Armour: Leather armour    |    14 |     6 ||    20
  Dodge: Dodged            |    19 |    19 ||    38
  Block: Other             |     6 |     2 ||     8

Table legend:
 A = Non-vault XP
 B = Vault XP
 C = Vault XP percentage of total XP
 D = Non-vault monster count
 E = Vault monster count
 F = Vault count percentage of total count
                 A         B        C        D         E       F
            +---------+---------+-------+---------+---------+-------
      Total |     258 |       5 |   1.9 |      53 |       2 |   3.6
            +---------+---------+-------+---------+---------+-------
        D:1 |      33 |       0 |   0.0 |      14 |       0 |   0.0
        D:2 |      25 |       2 |   7.4 |      16 |       1 |   5.9
        D:3 |     200 |       0 |   0.0 |      23 |       0 |   0.0
        D:4 |       0 |       3 | 100.0 |       0 |       1 | 100.0
            +---------+---------+-------+---------+---------+-------
